 Dungeon Crawl Stone Soup version 0.30-a0-948-g4fa250aae5 (webtiles) character file.

Game seed: 9321349798669297491

63 billz999 the Chiller (level 4, 0/27 HPs)
             Began as an Octopode Ice Elementalist on Mar 26, 2023.
             Slain by a jelly (1 damage)
             ... on level 3 of the Dungeon.
             The game lasted 00:05:57 (2376 turns).

billz999 the Chiller (Octopode Ice Elementalist)    Turns: 2376, Time: 00:05:59

Health: 0/27       AC: -7    Str:  7    XL:     4   Next: 10%
Magic:  0/9        EV: 13    Int: 19    God:
Gold:   165        SH:  0    Dex: 12    Spells: 5/9 levels left

rFire   x . .      SeeInvis .    (no weapon)
rCold   + . .      Faith    .    (no shield)
rNeg    + . .      Spirit   .    (helmet restricted)
rPois   .          Reflect  .    (no amulet)
rElec   .          Rampage  .    l - ring of positive energy
rCorr   .                        f - ring of ice
Will    .....                    (no ring)
Stlth   +++                      (no ring)
HPRegen 0.24/turn                (no ring)
MPRegen 0.11/turn                (no ring)
                                 (no ring)
                                 (no ring)

@: corroded, very slightly contaminated
A: almost no armour, amphibious, 8 rings, camouflage 1, gelatinous body 1,
(nimble swimmer 1), tentacles
a: no special abilities


You were on level 3 of the Dungeon.
You visited 1 branch of the dungeon, and saw 3 of its levels.

You collected 165 gold pieces.

Inventory:

Missiles
 p - 4 curare-tipped darts
Jewellery
 f - a ring of ice (right tentacle)
 l - a ring of positive energy (left tentacle)
Wands
 q - a wand of digging (4)
Scrolls
 b - a scroll of magic mapping {unknown}
 c - 2 scrolls of teleportation {unknown}
 d - a scroll of immolation {unknown}
 g - 4 scrolls of fear {unknown}
 h - a scroll of silence {unknown}
 k - a scroll of fog {unknown}
Potions
 a - a potion of magic
 e - a potion of mutation {unknown}
 i - a potion of degeneration {unknown}
 j - a potion of haste {unknown}
 m - 2 potions of heal wounds {unknown}
 n - a potion of curing {unknown}
 o - a potion of berserk rage {unknown}


   Skills:
 - Level 2.0 Dodging
 + Level 4.0 Stealth
 * Level 3.4 Spellcasting
 - Level 4.0 Ice Magic


You had 5 spell levels left.
You knew the following spells:

 Your Spells              Type           Power      Damage    Failure   Level
a - Freeze                Ice            100%       1d10      2%          1
b - Frozen Ramparts       Ice            54%        1d9       9%          3

Your spell library contained the following spells:

 Spells                   Type           Power      Damage    Failure   Level
 Ozocubu's Armour         Ice            27%        N/A       9%          3
 Lesser Beckoning         Tloc           6%         N/A       22%         2
 Gell's Gravitas          Tloc           3%         N/A       41%         3
 Teleport Other           Tloc           3%         N/A       41%         3
 Summon Ice Beast         Ice/Summ       16%        N/A       54%         4


Dungeon Overview and Level Annotations

Branches:
Dungeon (3/15)

Altars:
Qazlal


Innate Abilities, Weirdness & Mutations

You cannot wear most types of armour.
You are amphibious.
You can wear up to eight rings at the same time.
Your skin changes colour to match your surroundings (Stealth+).
Your rubbery body absorbs attacks. (AC +1, EV +1)
((You are camouflaged when in or above water. (Stealth+)))
You have tentacles for arms and can constrict up to eight enemies at once.


Message History

Casting: Frozen Ramparts (quite dangerous; 9% risk of failure)
Press: ? - help, Dir - look around, f - activate You feel a surge of power!
You miscast Frozen Ramparts.
Nothing appears to happen.
The jelly misses you.
Casting: Frozen Ramparts (quite dangerous; 9% risk of failure)
Confirm with . or Enter, or press ? or * to list all spells.
Aiming: Freeze (safe; 2% risk of failure)
Press: ? - help, Shift-Dir - straight line, f - jelly
Aim: a jelly You feel a surge of power!
You freeze the jelly.
The jelly is lightly wounded.
The jelly barely misses you.
Casting: Freeze (safe; 2% risk of failure)
Confirm with . or Enter, or press ? or * to list all spells.
Aiming: Freeze (safe; 2% risk of failure)
Press: ? - help, Shift-Dir - straight line, f/p - jelly
Aim: a jelly (lightly wounded)
You feel a surge of power!
You freeze the jelly.
The jelly is heavily wounded.
The jelly barely misses you.
Casting: Freeze (safe; 2% risk of failure)
Confirm with . or Enter, or press ? or * to list all spells.
Aiming: Freeze (safe; 2% risk of failure)
Press: ? - help, Shift-Dir - straight line, f/p - jelly
Aim: a jelly (heavily wounded)
You feel a surge of power!
You freeze the jelly!
The jelly is almost dead.
The jelly hits you. The acid corrodes you!
You are splashed with acid!
You barely miss the jelly.
You squeeze the jelly, but do no damage.
The jelly is almost dead.
The jelly hits you. The acid corrodes you!
You are splashed with acid!
* * * LOW HITPOINT WARNING * * *
You tentacle-slap the jelly but do no damage.
Your tentacles burn!
* * * LOW HITPOINT WARNING * * *
You tentacle-slap the jelly, but do no damage.
The jelly is almost dead.
The jelly hits you.
You die...

##)## #.# .........#
#.# ###.#
#........... #.#
#...# ##....#...#..
#.# #.###
#.....#.#...######.#
#.#
#..................#
#.#
#.....#.##....##.###
#.#
#.......##.#..##..#
..###
#.................#
....#
#....J@.##.##.#...#
###.#
#...###$##.##..#..#
###.#######.
#..........##
...)..>....
####..#..#.#
###.#######
.......#..#
)<.........
##.#.......#
###########
#..[..##### #######


You could see a jelly.

Vanquished Creatures
  A worm (D:3)
  A dart slug (D:1)
  An orc (D:3)
  8 endoplasms
  3 giant cockroaches
  7 hobgoblins
  5 jackals (D:3)
  A quokka (D:1)
  5 ball pythons
  3 bats
  5 frilled lizards
  4 goblins
  4 kobolds
  5 rats
53 creatures vanquished.

Notes
Turn   | Place    | Note
-------+----------+-------------------------------------------
     0 | D:1      | billz999 the Octopode Ice Elementalist began the quest for
                  | the Orb.
     0 | D:1      | Reached XP level 1. HP: 11/11 MP: 3/3
   139 | D:1      | Reached XP level 2. HP: 17/17 MP: 1/5
   965 | D:2      | Reached XP level 3. HP: 9/21 MP: 4/7
  1093 | D:2      | Learned a level 3 spell: Frozen Ramparts
  1444 | D:2      | Found a faded altar of an unknown god.
  1962 | D:3      | Found a stormy altar of Qazlal.
  2163 | D:3      | Reached XP level 4. HP: 27/27 MP: 9/9
  2376 | D:3      | HP: 1/27 [acid (4)]
  2376 | D:3      | Slain by a jelly

Illustrated notes

Levels and vault maps discovered:
D:1:      saegor_arrival_simple_b, layout_loops_ring,
          kennysheep_decorative_pillar, minmay_misc_feat_plants,
          chequers_serial_rivers_small_a
D:2:      layout_loops_ring, shapermc_ecumenical_altar_petra
D:3:      layout_loops_ring, mainiacjoe_overflow_tiny_flanked,
          hangedman_abyss_or_decor_lesser_grid

Skill      XL: |  1  2  3  4 |
---------------+-------------+-----
Stealth        | 3 4 |  4.0
Spellcasting   | 3 |  3.4
Dodging        | |  2.0
Ice Magic      | |  4.0

Action                     |  1- 3 |  4- 6 || total
---------------------------+-------+-------++-------
  Melee: Unarmed           |    97 |    16 ||   113
         Constrict         |    27 |     5 ||    32
         Tentacles         |    31 |     5 ||    36
         Punch             |     3 |     1 ||     4
   Cast: Freeze            |    27 |     4 ||    31
         Frozen Ramparts   |     1 |       ||     1
   Stab: Sleeping          |    11 |     2 ||    13
         Distracted        |     1 |       ||     1
 Armour: Skin              |     9 |     1 ||    10
  Dodge: Dodged            |    71 |    12 ||    83

Table legend: (Time is in decaauts)
 A = Elapsed time spent in this place.
 B = Non-inter-level travel time spent in this place.
 C = Inter-level travel time spent in this place.
 D = Time resting spent in this place.
 E = Time spent auto-exploring this place.
 F = Levels seen in this place.
 G = Mean time per level.
                   A        B        C        D        E       F      G
               +--------+--------+--------+--------+--------+-----+--------+
         Total |   2375 |   2296 |     79 |    178 |   1719 |   3 |  791.7 |
       Dungeon |   2375 |   2296 |     79 |    178 |   1719 |   3 |  791.7 |
               +--------+--------+--------+--------+--------+-----+--------+

Top non-repeatable levels by time:
     D:1: 1001 daAuts
     D:2: 818 daAuts
     D:3: 555 daAuts
